 Dungeon Crawl Stone Soup version 0.31-a0-844-gdc52ec4e09 (webtiles) character file.

Game seed: 15559810135013354042

3388 LeprechaunX the Mimic (level 10, -5/91 HPs)
             Began as an Octopode Shapeshifter on Sept 28, 2023.
             Was a Follower of Hepliaklqana.
             Blown up by Joseph (6 damage)
             ... with a mindburst bolt
             ... on level 8 of the Dungeon.
             The game lasted 00:12:34 (7676 turns).

LeprechaunX the Mimic (Octopode Shapeshifter)       Turns: 7676, Time: 00:12:34

Health: -5/91      AC: 25    Str: 18    XL:     10   Next: 4%
Magic:  17/17      EV:  2    Int: 13    God:    Hepliaklqana [*.....]
Gold:   484        SH:  5    Dex: 16    Spells: 14/19 levels left

rFire   + .          .
                       - Unarmed
rCold   . . .        (no shield)
rNeg    + + .        (helmet currently unavailable)
rPois   +            f - amulet of reflection
rElec   .            j - ring of positive energy
rCorr   .            s - +5 ring of evasion
SInv    +            v - ring of protection from fire
Will    .....        y - ring of Hanwonu {Drain rN+ Dex+5 SInv}
Stlth   +            A - ring of flight
HPRegen 0.35/turn    (no ring)
MPRegen 0.15/turn    (no ring)
                     (no ring)

%: reflection
@: tree-form
A: stationary, stasis, torment immunity, boosted hp, reduced essence, almost no
armour, (amphibious), 8 rings, (camouflage 1), (gelatinous body 1), (nimble
swimmer 1), (tentacles)
a: Renounce Religion, Recall Ancestor, Ancestor Identity


You were on level 8 of the Dungeon.
You worshipped Hepliaklqana.
Hepliaklqana was aware of your devotion.
You were a tree.
You visited 2 branches of the dungeon, and saw 9 of its levels.

You collected 484 gold pieces.

Inventory:

Hand Weapons
 a - a +2 sling of flaming
Missiles
 o - 2 boomerangs (quivered)
 C - 5 atropa-tipped darts
Jewellery
 f - an amulet of reflection (around neck)
 h - an amulet of guardian spirit
 j - a ring of positive energy (left branch)
 s - a +5 ring of evasion (right branch)
 v - a ring of protection from fire (on tentacle)
 y - the ring of Hanwonu (on tentacle) {Drain rN+ Dex+5 SInv}
   (You found it on level 5 of the Dungeon)

   [ring of see invisible]

   Dex+5:     It affects your dexterity (+5).
   rN+:       It protects you from negative energy.
   SInv:      It lets you see invisible.
   Drain:     It drains your maximum health when unequipped.
 A - a ring of flight (on tentacle)
Talismans
 b - a beast talisman
 c - a flux talisman
Wands
 w - a wand of mindburst (2)
 E - a wand of roots (9)
Scrolls
 d - 2 scrolls of fear {unknown}
 e - 2 scrolls of amnesia {unknown}
 g - 7 scrolls of identify {unknown}
 k - a scroll of blinking {unknown}
 m - a scroll of enchant weapon {unknown}
 p - 2 scrolls of poison {unknown}
 r - 2 scrolls of immolation {unknown}
 u - 4 scrolls of teleportation {unknown}
 x - a scroll of fog {unknown}
Potions
 i - 2 potions of brilliance {unknown}
 l - a potion of berserk rage {unknown}
 n - 3 potions of might {unknown}
 q - 3 potions of mutation {unknown}
 t - 4 potions of curing {unknown}
 z - 2 potions of attraction {unknown}
 B - a potion of invisibility {unknown}


   Skills:
 + Level 6.1 Fighting
 - Level 3.1 Dodging
 + Level 6.8 Unarmed Combat
 + Level 5.2 Spellcasting
 * Level 8.5 Shapeshifting


You had 14 spell levels left.
You knew the following spells:

 Your Spells              Type           Power      Damage    Failure   Level
a - Ozocubu's Armour      Ice            3%         N/A       50%         3
b - Blink                 Tloc           6%         N/A       28%         2

Your spell library contained the following spells:

 Spells                   Type           Power      Damage    Failure   Level
 Magic Dart               Conj           12%        1d3       19%         1
 Call Imp                 Summ           6%         N/A       28%         2
 Static Discharge         Conj/Air       6%         2-3/arc   28%         2
 Dazzling Flash           Conj/Hex       6%         N/A       50%         3
 Inner Flame              Hex/Fire       3%         N/A       50%         3
 Mephitic Cloud           Conj/Pois/Air  3%         N/A       50%         3
 Airstrike                Air            1%         2d(1-17)  88%         4
 Manifold Assault         Tloc           3%         N/A       88%         4
 Summon Lightning Spire   Summ/Air       3%         N/A       88%         4
 Agony                    Necr           3%         N/A       99%         5
 Metabolic Englaciation   Hex/Ice        1%         N/A       99%         5
 Silence                  Hex/Air        1%         N/A       99%         5
 Yara's Violent Unravell  Hex/Tmut       1%         3d3       99%         5
 Simulacrum               Ice/Necr       1%         N/A       100%        6
 Enfeeble                 Hex            1%         N/A       100%        7


Dungeon Overview and Level Annotations

Branches:
Dungeon (8/15)             Temple (1/1) D:5
   Lair: D:8-11

Altars:
Cheibriados
Dithmenos
Elyvilon
Fedhas
Gozag
Hepliaklqana
Kikubaaqudgha
Nemelex Xobeh
Okawaru
Qazlal
Ru
Sif Muna
Trog
Uskayaw
Vehumet
Wu Jian
Xom
Yredelemnul
Zin
The Shining One

Shops:
D:2 (

Annotations:
D:8 Joseph


Innate Abilities, Weirdness & Mutations

You are a tree.
Your roots penetrate the ground, keeping you stationary.
You cannot be teleported.
You are immune to unholy pain and torment.
Your maximum health is greatly increased.
Your life essence is reduced to manifest your ancestor. (-10% HP)
You cannot wear most types of armour.
((You are amphibious.))
You can wear up to eight rings at the same time.
((Your skin changes colour to match your surroundings (Stealth+).))
((Your rubbery body absorbs attacks. (AC +1, EV +1)))
((You are camouflaged when in or above water. (Stealth+)))
((You have tentacles for arms and can constrict up to eight enemies at once.))


Message History

You constrict Joseph.
Joseph hits you with a +0 spectral quarterstaff!!
The +0 spectral quarterstaff hits you.
Nenetl hits Joseph.
A +0 spectral quarterstaff comes into view.
You catch the helpless Joseph completely off-guard!
You bludgeon Joseph! You squeeze Joseph!
Joseph is heavily wounded.
You constrict Joseph, but do no damage.
Joseph hits you with a +0 spectral quarterstaff!
The +0 spectral quarterstaff hits you!
* * * LOW HITPOINT WARNING * * *
Your transformation has ended.
You turn into a tree.
Your roots penetrate the ground.
You lose your grip on Joseph.
Nenetl hits Joseph!
You block Joseph's attack.
The +0 spectral quarterstaff hits you but does no damage.
You hit Joseph but do no damage.
Joseph is severely wounded.
Nenetl hits Joseph.
Joseph hits Nenetl but does no damage.
The +0 spectral quarterstaff hits Nenetl!
You completely miss Joseph.
Joseph is severely wounded.
Nenetl hits Joseph but does no damage.
Joseph hits Nenetl with a +0 spectral quarterstaff.
The +0 spectral quarterstaff hits Nenetl!
You hit Joseph but do no damage.
Joseph is severely wounded.
Nenetl hits Joseph.
Joseph hits you but does no damage.
You block the +0 spectral quarterstaff's attack.
You hit Joseph.
Joseph is almost dead.
Nenetl hits Joseph but does no damage.
Joseph zaps a wand.
Your mind is blasted!
* * * LOW HITPOINT WARNING * * *
Unknown command.
You closely miss Joseph.
Joseph is almost dead.
Nenetl hits Joseph.
The +0 spectral quarterstaff disappears.
Joseph zaps a wand.
Your mind is blasted!
You die...

#######.#
#.########
........###.######
..............>..#
###########.##.###
#.##.# #.##.#
#.##.#
####+##'####
#...@♣.....#
#....R.....#
#..........#
........#+####
.#####..# #..#
####


You could see the friendly Nenetl the ancestor and Joseph (ally target).

Vanquished Creatures
  Maggie (D:7)
  Menkaure (D:5)
  2 water moccasins (D:7)
  2 black bears
  2 orc warriors (D:7)
  2 sky beasts (D:7)
  2 ice beasts
  An ogre (D:5)
  A centaur (D:7)
  A phantom (D:4)
  A bullfrog (D:7)
  4 scorpions
  4 wights (D:7)
  3 killer bees (D:7)
  3 electric eels (D:6)
  8 hounds
  5 orc priests
  Natasha (thrice) (D:2)
  4 iguanas
  4 orc wizards
  A gnoll (D:1)
  5 adders
  2 shadow imps
  3 white imps
  An ufetubus (D:5)
  2 worms
  2 dart slugs
  8 orcs
  7 bats
  9 endoplasms
  5 giant cockroaches
  10 hobgoblins
  5 jackals
  8 quokkas
  9 ball pythons
  5 frilled lizards
  11 goblins
  6 kobolds
  11 rats
164 creatures vanquished.

Vanquished Creatures (collateral kills)
  A water moccasin (D:7)
  A wight (D:7)
  2 orcs (D:7)
4 creatures vanquished.

Vanquished Creatures (others)
  4 ancestors (D:7)
4 creatures vanquished.

Grand Total: 172 creatures vanquished

Notes
Turn   | Place    | Note
-------+----------+-------------------------------------------
     0 | D:1      | LeprechaunX the Octopode Shapeshifter began the quest for
                  | the Orb.
     0 | D:1      | Reached XP level 1. HP: 13/13 MP: 1/1
   116 | D:1      | Reached XP level 2. HP: 18/18 MP: 2/2
   437 | D:1      | Reached XP level 3. HP: 17/23 MP: 3/3
  1078 | D:2      | Reached XP level 4. HP: 19/29 MP: 4/4
  1241 | D:2      | Found Saumot's Antique Weapon Emporium.
  1403 | D:2      | Reached skill level 1 in Spellcasting
  1403 | D:2      | Reached skill level 4 in Shapeshifting
  1403 | D:2      | Reached XP level 5. HP: 27/34 MP: 4/6
  1762 | D:2      | Noticed Natasha
  1772 | D:2      | Killed Natasha
  2153 | D:2      | Noticed Natasha
  2163 | D:2      | Killed Natasha
  2177 | D:2      | Noticed Natasha
  2184 | D:2      | Killed Natasha
  2185 | D:2      | Reached XP level 6. HP: 41/41 MP: 6/8
  2245 | D:3      | Learned a level 3 spell: Ozocubu's Armour
  2621 | D:3      | Learned a level 2 spell: Blink
  2991 | D:4      | Found a hide-covered altar of Uskayaw.
  3136 | D:4      | Noticed a black bear
  3141 | D:4      | Killed a black bear
  3248 | D:4      | Reached skill level 5 in Shapeshifting
  3248 | D:4      | Reached XP level 7. HP: 33/46 MP: 10/10
  3927 | D:5      | Entered Level 5 of the Dungeon
  4177 | D:5      | Reached XP level 8. HP: 48/54 MP: 12/12
  4251 | D:5      | Noticed Menkaure
  4261 | D:5      | Killed Menkaure
  4262 | D:5      | Reached skill level 5 in Unarmed Combat
  4262 | D:5      | Reached skill level 6 in Shapeshifting
  4462 | D:5      | Found a hazy altar of Hepliaklqana.
  4473 | D:5      | Found a sparkling altar of Nemelex Xobeh.
  4473 | D:5      | Found an iron altar of Okawaru.
  4474 | D:5      | Found a radiant altar of Vehumet.
  4475 | D:5      | Found a basalt altar of Yredelemnul.
  4577 | D:5      | Found a staircase to the Ecumenical Temple.
  4591 | Temple   | Entered the Ecumenical Temple
  4628 | D:5      | Became a worshipper of Hepliaklqana the Forgotten
  4669 | D:5      | Identified the ring of Hanwonu {Drain rN+ Dex+5 SInv}
  6087 | D:6      | Reached skill level 7 in Shapeshifting
  6087 | D:6      | Reached XP level 9. HP: 38/60 MP: 13/15
  6184 | D:7      | Reached * piety under Hepliaklqana
  6268 | D:7      | Reached skill level 5 in Fighting
  6943 | D:7      | Reached skill level 8 in Shapeshifting
  7194 | D:7      | Noticed Maggie
  7205 | D:7      | Killed Maggie
  7206 | D:7      | Reached skill level 5 in Spellcasting
  7360 | D:7      | Reached XP level 10. HP: 58/61 MP: 17/17
  7665 | D:8      | Noticed Joseph
  7675 | D:8      | HP: 1/91 [disintegration (15)]
  7676 | D:8      | Blown up by Joseph

Illustrated notes

Levels and vault maps discovered:
D:1:      lightli_arrival_statuegarden, layout_basic, serial_rivers,
          chequers_serial_rivers_room_b, chequers_serial_rivers_micro_b,
          chequers_serial_rivers_small_a, chequers_serial_rivers_marsh,
          chequers_serial_rivers_small_a, chequers_serial_rivers_marsh
D:2:      layout_loops_ring, serial_shops, shop, uniq_natasha
D:3:      layout_rooms, kennysheep_generic_room_4
D:4:      minmay_razor_zed, layout_gridville, nicolae_uskayaw_dance_hall,
          minmay_between
D:5:      nicolae_cairo_tiling_large, layout_loops_ring, minitemple,
          serial_glass, glass_columns_c, glass_columns_c, uniq_menkaure
D:6:      layout_rooms, serial_bayou, serial_bayou_pond_e,
          serial_bayou_lagoon_b, serial_bayou_lagoon_a, serial_bayou_pond_a,
          serial_bayou_shore_a, serial_bayou_pond_a,
          nicolae_figureground_sparkle
D:7:      layout_gridville, hex_tiny, chequers_mini_garden, st_stairs_1,
          uniq_maggie
D:8:      layout_basic, david_lair_shrubbed, chequers_serial_rivers_micro_b,
          uniq_maurice, uniq_joseph
Temple:   eino_temple_water

Skill      XL: |  1  2  3  4  5  6  7  8  9 |
---------------+----------------------------+-----
Fighting       | 2 3 4 6 |  6.1
Spellcasting   | 1 2 4 5 |  5.2
Shapeshifting  | 4 5 7 8 |  8.5
Dodging        | 3 |  3.1
Unarmed Combat | 4 5 6 |  6.8

Action                     |  1- 3 |  4- 6 |  7- 9 | 10-12 || total
---------------------------+-------+-------+-------+-------++-------
  Melee: Unarmed           |    72 |   125 |   190 |    15 ||   402
         Tentacles         |    13 |    22 |    59 |     2 ||    96
         Constrict         |    18 |    28 |    51 |     3 ||   100
         Punch             |     2 |     4 |    11 |     2 ||    19
   Fire: Shortbow          |       |       |     8 |       ||     8
         Sling             |       |       |     4 |       ||     4
  Throw: Boomerang         |       |     3 |    13 |       ||    16
    Use: Potion            |       |       |       |     1 ||     1
   Stab: Sleeping          |     5 |     4 |     5 |       ||    14
         Distracted        |       |       |       |     1 ||     1
 Armour: Skin              |    38 |    46 |    68 |     9 ||   161
  Dodge: Dodged            |    48 |    47 |   102 |     6 ||   203
  Block: Other             |     4 |    18 |    32 |     3 ||    57
         Reflection        |       |       |     3 |       ||     3

Table legend: (Time is in decaauts)
 A = Elapsed time spent in this place.
 B = Non-inter-level travel time spent in this place.
 C = Inter-level travel time spent in this place.
 D = Time resting spent in this place.
 E = Time spent auto-exploring this place.
 F = Levels seen in this place.
 G = Mean time per level.
                   A        B        C        D        E       F      G
               +--------+--------+--------+--------+--------+-----+--------+
         Total |   7652 |   6952 |    700 |   1027 |   4672 |   9 |  850.2 |
       Dungeon |   7650 |   6950 |    700 |   1027 |   4672 |   8 |  956.2 |
        Temple |      1 |      1 |      0 |      0 |      0 |   1 |    1.0 |
               +--------+--------+--------+--------+--------+-----+--------+

Top non-repeatable levels by time:
     D:7: 1452 daAuts
     D:2: 1220 daAuts
     D:6: 1218 daAuts
     D:5: 1021 daAuts
     D:4: 991 daAuts
     D:1: 974 daAuts
     D:3: 732 daAuts
     D:8: 40 daAuts
  Temple: 1 daAuts
